 Dungeon Crawl Stone Soup version 0.31-a0-1570-g93c622d222 (webtiles) character file.

Game seed: 266721310672783169

650 Curundu the Cleaver (level 7, -4/57 HPs)
             Began as a Minotaur Berserker on Jan 3, 2024.
             Was an Elder of Trog.
             Killed by nerve-wracking pain
             ... invoked by a shadow imp
              (9 damage)
             ... in a sewer.
             The game lasted 00:13:48 (4104 turns).

Curundu the Cleaver (Minotaur Berserker)            Turns: 4104, Time: 00:13:49

Health: -4/57      AC:  8    Str: 23    XL:     7   Next: 28%
Magic:  6/6        EV:  7    Int:  4    God:    Trog [****..]
Gold:   164        SH:  6    Dex: 10    Spells: 6/6 levels left

rFire   . . .        a - +0 hand axe
rCold   . . .        q - +0 kite shield
rNeg    . . .        o - +0 chain mail
rPois   .            (helmet restricted)
rElec   .            (no cloak)
rCorr   .            (no gloves)
SInv    .            (no boots)
Will    .....        (no amulet) Stlth
                     (no ring)
HPRegen 0.29/turn    (no ring)
MPRegen 0.10/turn

%: no passive effects
@: no status effects
A: horns 2, retaliatory headbutt
a: Renounce Religion, Berserk, Trog's Hand, Brothers in Arms


You were in a sewer.
You worshipped Trog.
Trog was greatly pleased with you.
You visited 1 branch of the dungeon, and saw 4 of its levels.
You also visited: Sewer.

You collected 164 gold pieces.

Inventory:

Hand Weapons
 a - a +0 hand axe (weapon)
Missiles
 e - 2 throwing nets
 h - 10 boomerangs
 s - 11 poisoned darts
Armour
 o - a +0 chain mail (worn)
 q - a +0 kite shield (worn)
Jewellery
 n - a +6 ring of dexterity
Wands
 c - a wand of flame (12)
Scrolls
 g - a scroll of identify
 i - a scroll of revelation
 m - a scroll of noise
 p - a scroll of silence {unknown}
 r - 2 scrolls of teleportation {unknown}
Potions
 b - a potion of resistance {unknown}
 d - 2 potions of curing
 f - 2 potions of cancellation
 j - a potion of magic {unknown}
 k - 2 potions of might
 l - a potion of haste {unknown}


   Skills:
 - Level 3.6 Fighting
 + Level 10.2 Axes
 - Level 2.4 Armour
 - Level 2.1 Dodging


You had 6 spell levels left.
You didn't know any spells.
Your spell library was empty.

Dungeon Overview and Level Annotations

Branches:
Dungeon (4/15)              Sewer (1/1)
 Temple: D:4-7

Altars:
Kikubaaqudgha
Okawaru

Annotations:
Sewer Grinder


Innate Abilities, Weirdness & Mutations

You have a pair of horns on your head.
You reflexively headbutt those who attack you in melee.


Message History

Grinder blinks!
There is an open gate here.
Found a potion of might.
The shadow imp gestures at you. Pain shoots through your body!
Grinder gestures at you. Pain shoots through your body!
Found a gate leading back out of this place.
The shadow imp hits you.
You barely miss Grinder. Your headbutt misses Grinder. You hit the shadow imp.
The shadow imp gestures at you. Pain shoots through your body!
Grinder blinks!
The shadow imp hits you but does no damage.
Grinder blinks!
You block the shadow imp's attack. The shadow imp gestures at you.
You struggle to resist.
You hit Grinder but do no damage. Your headbutt misses Grinder.
Grinder blinks!
The shadow imp gestures at you.
You struggle to resist.
There is an open gate here.
The shadow imp gestures at you. Pain shoots through your body!
* * * LOW HITPOINT WARNING * * *
The shadow imp gestures at you. Pain shoots through your body!
* * * LOW HITPOINT WARNING * * *
There is an open door here.
Items here: ( )) ††.
Grinder gestures at you. You resist with significant effort.
There is an open door here.
Grinder blinks!
A shadow imp is nearby!
The shadow imp gestures at you. Pain shoots through your body!
* * * LOW HITPOINT WARNING * * *
The shadow imp gestures at you. Pain shoots through your body!
You die...

##.....##≈~.#...~~≈≈≈≈~~~≈≈ #.
#...⌠..###.####.#≈###~~#~####.
+.⌠.....#)..#≈≈.............#.
+..._.⌠))...≈≈≈≈....))........
+.⌠.....#...#~≈.....))......#.
#...⌠.5###.####.###~##~##.####
##...5.##≈~.#...~≈≈≈≈≈~≈≈~~~
##'''###~~5#..~≈~≈≈≈≈≈≈≈≈≈≈≈~
#~...≈##~~.#@~~~≈≈≈≈≈≈≈≈≈≈≈≈≈
#≈...~##≈5.#5~≈≈≈≈≈≈≈≈≈≈≈≈≈≈~
#~...≈##≈~.#..~≈≈≈≈≈≈≈≈≈≈≈≈≈≈
#~...≈##≈~.5..~≈≈≈≈≈≈≈≈≈≈≈≈≈≈
#~...≈################ #~...≈#
##[)!## ##!## #∩


You could see Grinder and a shadow imp.

Vanquished Creatures
  A steam dragon (D:4)
  A kobold brigand (Sewer)
  A scorpion (D:4)
  2 bombardier beetles (D:4)
  A hound (D:4)
  2 iguanas
  6 gnolls
  A river rat (D:4)
  4 adders (D:4)
  A shadow imp (Sewer)
  An ufetubus (Sewer)
  An adder zombie (Sewer)
  3 dart slugs
  2 ribbon worms (D:2)
  8 orcs
  7 endoplasms
  5 giant cockroaches
  4 goblins
  7 hobgoblins
  3 jackals (D:2)
  6 quokkas
  10 ball pythons
  11 bats
  3 frilled lizards
  22 kobolds
  6 rats
119 creatures vanquished.

Notes
Turn   | Place    | Note
-------+----------+-------------------------------------------
     0 | D:1      | Curundu the Minotaur Berserker began the quest for the Orb.
     0 | D:1      | Reached XP level 1. HP: 19/19 MP: 0/0
    57 | D:1      | Reached skill level 4 in Axes
   136 | D:1      | Reached XP level 2. HP: 25/26 MP: 1/1
   562 | D:1      | Reached skill level 5 in Axes
   564 | D:1      | Reached ** piety under Trog
  1068 | D:2      | Reached XP level 3. HP: 20/31 MP: 2/2
  1297 | D:2      | Found an iron altar of Okawaru.
  1319 | D:2      | Reached skill level 6 in Axes
  1319 | D:2      | Reached XP level 4. HP: 26/39 MP: 3/3
  2508 | D:3      | Reached XP level 5. HP: 17/45 MP: 4/4
  2629 | D:3      | Reached skill level 7 in Axes
  3081 | D:4      | Noticed a steam dragon
  3094 | D:4      | Killed a steam dragon
  3095 | D:4      | Reached skill level 8 in Axes
  3095 | D:4      | Reached XP level 6. HP: 15/51 MP: 5/5
  3282 | D:4      | Reached *** piety under Trog
  3287 | D:4      | Reached skill level 9 in Axes
  3471 | D:4      | Found an ancient bone altar of Kikubaaqudgha.
  3623 | D:4      | Reached XP level 7. HP: 57/57 MP: 6/6
  3651 | D:4      | Found a glowing drain.
  3655 | Sewer    | Entered a sewer
  3965 | Sewer    | Found an ancient bone altar of Kikubaaqudgha.
  3977 | Sewer    | Reached **** piety under Trog
  3978 | Sewer    | Reached skill level 10 in Axes
  4070 | Sewer    | Noticed Grinder
  4085 | Sewer    | HP: 2/57 [shadow imp/nerve-wracking pain (11)]
  4104 | Sewer    | Killed from afar by a shadow imp

Illustrated notes

Levels and vault maps discovered:
D:1:      dpeg_arrival_round_b, layout_basic, hangedman_decor_push,
          minmay_misc_feat_tiny, nicolae_titane
D:2:      layout_rooms, basic_altar, minmay_quantized
D:3:      layout_loops_corners
D:4:      layout_cave_pools, nicolae_overflow_hidden_temple,
          gup_sewer_entry_bowl
Sewer:    kennysheep_sewer_church

Skill      XL: |  1  2  3  4  5  6  7 |
---------------+----------------------+-----
Axes           | 4 5 6 8 9 10 | 10.2
Fighting       | |  3.6
Armour         | |  2.4
Dodging        | |  2.1

Action                     |  1- 3 |  4- 6 |  7- 9 || total
---------------------------+-------+-------+-------++-------
  Melee: Hand axe          |    82 |   138 |    63 ||   283
         Headbutt          |     8 |    19 |     6 ||    33
         Punch             |       |     1 |       ||     1
 Invoke: Berserk           |       |     1 |       ||     1
         Trog's Hand       |       |     1 |       ||     1
    Use: Scroll            |       |     7 |       ||     7
 Armour: Animal skin       |    45 |       |       ||    45
         Ring mail         |     9 |    18 |       ||    27
         Chain mail        |       |    93 |    54 ||   147
  Dodge: Dodged            |    76 |    90 |    12 ||   178
  Block: Kite shield       |       |     4 |    21 ||    25

Table legend: (Time is in decaauts)
 A = Elapsed time spent in this place.
 B = Non-inter-level travel time spent in this place.
 C = Inter-level travel time spent in this place.
 D = Time resting spent in this place.
 E = Time spent auto-exploring this place.
 F = Levels seen in this place.
 G = Mean time per level.
                   A        B        C        D        E       F      G
               +--------+--------+--------+--------+--------+-----+--------+
         Total |   4115 |   4115 |      0 |    584 |   2465 |   5 |  823.0 |
       Dungeon |   3666 |   3666 |      0 |    389 |   2364 |   4 |  916.5 |
         Sewer |    448 |    448 |      0 |    195 |    101 |   1 |  448.0 |
               +--------+--------+--------+--------+--------+-----+--------+

Top non-repeatable levels by time:
     D:3: 1175 daAuts
     D:1: 1061 daAuts
     D:2: 836 daAuts
     D:4: 594 daAuts
   Sewer: 448 daAuts
